Map: 中心协议

Players

shengy - Winner!

  • Race: Zerg Zerg
  • League: Gold

FOREVEERF

  • Race: Zerg Zerg
  • League: Platinum

VOD

Have the link to the VOD?

Description

Time

  • Played on: Dec. 11, 2015, 2:10 a.m.
  • Length: 12:15
Show
View Real Time Build Order
Export as new Build Order

shengy Zerg - Winner!

Build Orders: Pool First, Zergling Baneling 

Get SALT Encoding   

  12  0:01  Drone  
  13  0:08  Drone  
  14  0:19  Overlord  
  14  0:34  Spawning Pool  
  13  0:41  Extractor  
  12  0:43  Drone  
  12  0:48  Drone  
  14  0:50  Drone  
  14  0:55  Drone  
  16  1:21  Queen  
  18  1:38  Hatchery  
  17  1:46  Metabolic Boost  
  17  2:18  Drone x3  
  17  2:19  Baneling Nest  
  19  2:31  Zergling x2  
  19  2:32  Overlord  
  20  2:48  Zergling x2  
  20  2:49  Zergling x2  
  20  2:50  Zergling x2  
  23  2:55  Zergling x2  
  24  3:01  Zergling x2  
  24  3:02  Zergling x6  
  28  3:16  Zergling x2  
  28  3:17  Zergling x4  
  31  3:24  Queen  
  31  3:26  Zergling x2  
  34  3:36  Baneling x6  
  34  3:45  Overlord  
  27  4:32  Zergling x14  
  27  4:33  Zergling x8  
  27  4:35  Baneling x5  
  37  4:47  Drone x2  
  34  5:01  Drone x2  
  34  5:02  Roach Warren  
  34  5:03  Extractor  
  34  5:14  Drone x3  
  34  5:20  Baneling x2  
  34  5:21  Baneling x2  
  32  5:33  Drone x2  
  32  5:34  Drone  
  30  5:44  Drone x5  
  34  6:01  Lair  
  34  6:04  Overlord x2  
  34  6:21  Overlord  
  34  6:23  Drone  
  35  6:31  Extractor, Roach x3  
  35  6:32  Roach x3  
  46  6:36  Drone  
  46  6:38  Drone x2  
  49  6:48  Roach x3  
  55  7:00  Glial Reconstitution  
  55  7:06  Drone x2  
  57  7:13  Drone x2  
  59  7:27  Zergling x4  
  58  7:39  Roach x3  
  58  7:40  Roach  
  58  7:42  Overlord x2  
  66  7:50  Baneling x4  
  66  8:03  Overlord  
  66  8:04  Ravager x4  
  70  8:12  Hatchery, Extractor  
  69  8:13  Overseer  
  68  8:26  Drone x5  
  68  8:27  Drone  
  74  8:28  Zergling x6  
  74  8:29  Zergling x10  
  82  9:02  Baneling x2  
  82  9:03  Baneling  
  82  9:23  Tunneling Claws  
  82  9:25  Evolution Chamber  
  82  9:26  Evolution Chamber, Burrow  
  67  9:53  Roach  
  67  9:54  Roach x4  
  67  9:55  Roach x10  
  67  9:58  Overlord x2  
  67  9:59  Overlord  
  97  10:15  Zerg Missile Weapons Level 1, Zerg Ground Armor Level 1  
  97  10:27  Ravager x3  
  100  10:29  Drone  
  100  10:30  Drone x2, Roach x21  
  100  10:31  Overlord  
  100  10:32  Zergling x4  
  100  10:33  Zergling x4  
  100  10:35  Zergling x2  
  108  10:36  Overseer  
  94  11:05  Roach  
  94  11:06  Roach  
  94  11:07  Roach x8  
  108  11:13  Queen  
  108  11:30  Roach x11  
  108  11:34  Drone x5  
  108  11:35  Drone x4  
  108  11:44  Roach x3  
Show
View Real Time Build Order
Export as new Build Order

FOREVEERF Zerg 

Build Orders: Hatch First 

Get SALT Encoding   

  12  0:01  Drone  
  13  0:11  Drone  
  14  0:35  Hatchery  
  13  0:51  Spawning Pool  
  12  0:58  Drone  
  12  1:04  Overlord  
  13  1:14  Drone  
  14  1:22  Drone  
  14  1:23  Drone  
  16  1:32  Drone  
  17  1:40  Queen  
  17  1:43  Zergling x2  
  20  1:48  Extractor  
  20  1:49  Zergling x2  
  20  1:52  Queen  
  22  2:00  Zergling x2  
  23  2:02  Drone  
  23  2:06  Drone  
  25  2:13  Overlord  
  25  2:26  Drone x3  
  28  2:33  Overlord  
  28  2:42  Drone x2  
  30  2:47  Baneling Nest  
  30  2:50  Queen  
  31  3:10  Drone x5  
  31  3:12  Metabolic Boost  
  35  3:22  Spine Crawler  
  34  3:34  Roach Warren  
  34  3:35  Baneling x2  
  34  3:36  Drone x2  
  34  3:37  Drone  
  34  3:41  Drone x2, Extractor  
  37  4:02  Baneling  
  37  4:17  Roach x4  
  42  4:33  Zergling x8  
  42  4:36  Overlord  
  42  4:42  Roach x2  
  40  4:58  Roach x2  
  43  5:16  Zergling x4  
  43  5:17  Zergling x2  
  43  5:19  Spine Crawler  
  37  5:23  Spine Crawler  
  37  5:25  Spine Crawler  
  32  5:47  Baneling x3  
  32  5:49  Zergling x4  
  36  5:50  Zergling x4  
  36  5:53  Drone  
  36  5:56  Lair  
  36  6:05  Drone  
  36  6:06  Drone  
  38  6:20  Drone x2  
  40  6:26  Baneling x2  
  40  6:31  Evolution Chamber  
  39  6:35  Evolution Chamber  
  38  6:41  Baneling x6  
  38  6:44  Drone x5  
  43  6:51  Spore Crawler  
  43  6:53  Spore Crawler  
  41  6:54  Spore Crawler  
  41  6:56  Drone x3  
  41  6:57  Extractor  
  41  6:58  Overseer  
  42  7:10  Zergling x2  
  42  7:11  Zergling x2  
  41  7:38  Zerg Missile Weapons Level 1  
  41  7:41  Zerg Ground Armor Level 1  
  41  7:42  Drone x6  
  47  7:45  Extractor  
  45  7:57  Roach, Zergling x2  
  48  8:07  Hydralisk Den  
  48  8:11  Drone x2  
  49  8:23  Roach  
  51  8:28  Hatchery, Overlord  
  51  8:29  Overlord x2  
  50  8:47  Roach x4  
  58  9:00  Roach x2  
  62  9:06  Roach  
  62  9:07  Roach  
  67  9:12  Overlord  
  67  9:14  Ravager  
  67  9:22  Overlord x4  
  67  9:23  Lurker Den  
  69  9:38  Roach x2  
  65  9:54  Roach x3  
  71  10:10  Ravager  
  71  10:11  Ravager x4  
  76  10:18  Hatchery  
  76  10:19  Hydralisk x2  
  79  10:22  Overlord  
  79  10:23  Overlord x4  
  79  10:39  Ravager  
  80  10:48  Roach x4  
  88  10:50  Hatchery, Ravager  
  58  11:04  Roach x2  
  58  11:11  Roach x2  
Tags
 
Add a new tag
Caveats
  • Supply blocks, unpowered buildings, or Contaminate may cause inaccurate times.
  • Supply counts are checked every 10 seconds.